 Dungeon Crawl Stone Soup version 0.23.0-3-gf3c87f2 (webtiles) character file.

Game seed: 7448044760760275628

67 misha the Slasher (level 4, -4/33 HPs)
             Began as a Merfolk Gladiator on Feb 22, 2019.
             Killed from afar by a jackal (35 damage)
             ... with an exploding inner flame
             ... hexed by the player character
             ... on level 2 of the Dungeon.
             The game lasted 00:05:13 (1303 turns).

misha the Slasher (Merfolk Gladiator)               Turns: 1303, Time: 00:05:14

Health: -4/33      AC:  5    Str: 15    XL:     4   Next: 18%
Magic:  0/4        EV: 14    Int:  7    God:
Gold:   73         SH:  0    Dex: 15    Spells: 3/3 levels left

rFire    . . .     SeeInvis .   a - +0 long sword
rCold    . . .     Gourm    .   (no shield)
rNeg     . . .     Faith    .   b - +1 leather armour
rPois    .         Spirit   +   c - +0 helmet
rElec    .         Reflect  .   l - scarf {cloud immunity}
rCorr    .         Harm     .   (no gloves)
MR       .....     Rnd*Tele +   (no boots)
Stlth    +.........             k - amulet of guardian spirit
HPRegen  0.11/turn              h - ring of teleportation (curse)
MPRegen  0.09/turn              (no ring)

@: no status effects
A: change form in water, swift swim, stealthy swim
a: no special abilities


You were on level 2 of the Dungeon.
You were very hungry.

You visited 1 branch of the dungeon, and saw 2 of its levels.

You collected 73 gold pieces.

Inventory:

Hand Weapons
 a - a +0 long sword (weapon)
Missiles
 d - 3 throwing nets (quivered)
 m - 78 stones
 u - 81 arrows
 v - 28 sling bullets
Armour
 b - a +1 leather armour (worn)
 c - a +0 helmet (worn)
 l - a scarf of cloud immunity (worn)
Jewellery
 h - a cursed ring of teleportation (left hand)
 k - an amulet of guardian spirit (around neck)
 x - an uncursed ring of fire {unknown}
Scrolls
 g - 4 scrolls of enchant armour
 j - 3 scrolls of random uselessness {unknown}
 n - 2 scrolls of remove curse {unknown}
 r - 3 scrolls of teleportation {unknown}
 s - a scroll of fear {unknown}
 t - a scroll of blinking {unknown}
Potions
 e - a potion of haste {unknown}
 o - a potion of brilliance {unknown}
 p - 2 potions of agility {unknown}
 q - a potion of degeneration {unknown}
 w - a potion of might {unknown}
Comestibles
 f - 4 rations


   Skills:
 - Level 2.2 Fighting
 + Level 4.4 Long Blades
 + Level 3.3 Throwing
 - Level 4.0 Dodging


You had 3 spell levels left.
You didn't know any spells.
Your spell library was empty.

Dungeon Overview and Level Annotations

Branches:
Dungeon (2/15)

Altars:

Annotations:
D:2 Natasha


Message History

The creatures around you are filled with an inner flame!
It was a scroll of immolation.
The jackal barely misses you. The jackal closely misses you.
You barely miss the jackal. The jackal misses you.
You hit the jackal but do no damage. The jackal misses you.
The jackal bites you but does no damage.
You closely miss the jackal. The jackal closely misses you.
The jackal barely misses you.
You hit the jackal but do no damage.
The crimson imp lashes its tail.
The jackal barely misses you.
You slash the jackal!
The jackal explodes!
The fiery explosion engulfs the crimson imp.
The crimson imp completely resists.
The fiery explosion engulfs the shadow imp!
You kill the shadow imp!
The fiery explosion engulfs you!!!
Ouch! That really hurt!
You die...

#..# #..........#.#. ..
##5# ##...........#. h..
#.## ##........#..#.
....##..# #=#..........#...
#.....## #.#..........#...
####...####............#.#.
#....5####............##
###..ยงยงยง##........)...#.
###.#@##............#.
#.#..#........#.#.#.
#.##.##.#.#####.#...
#.##..#.#.####.....#
...##.#............# ###
#..............#
###....#.......#
#......##.....<#
#.##...##.......


You could see a crimson imp.

Vanquished Creatures
  An adder (D:2)
  2 oozes (D:1)
  A dart slug (D:1)
  4 leopard geckos
  3 goblins (D:1)
  5 hobgoblins (D:1)
  8 jackals
  4 kobolds
  A quokka (D:2)
  A ball python (D:1)
  3 bats (D:1)
  3 frilled lizards
  7 rats
43 creatures vanquished.

Notes
Turn   | Place    | Note
-------+----------+-------------------------------------------
     0 | D:1      | misha the Merfolk Gladiator began the quest for the Orb.
     0 | D:1      | Reached XP level 1. HP: 16/16 MP: 1/1
    26 | D:1      | Reached XP level 2. HP: 22/22 MP: 2/2
   361 | D:1      | Reached XP level 3. HP: 27/27 MP: 0/3
   980 | D:2      | Reached XP level 4. HP: 28/33 MP: 4/4
  1175 | D:2      | Found a faded altar of an unknown god.
  1280 | D:2      | Noticed Natasha
  1303 | D:2      | Killed from afar by a jackal

Skill      XL: |  1  2  3 |
---------------+----------+-----
Long Blades    | 4 |  4.4
Throwing       | 3 |  3.3
Fighting       | |  2.2
Dodging        | |  4.0

Action                   |  1- 3 |  4- 6 || total
-------------------------+-------+-------++-------
Melee: Long sword        |    86 |    10 ||    96
  Use: Scroll            |       |     2 ||     2
 Stab: Sleeping          |     1 |       ||     1
Armor: Leather armour    |    38 |     2 ||    40
Dodge: Dodged            |    94 |    18 ||   112
       Rpst.: Long sword |    31 |     3 ||    34
